 Dungeon Crawl Stone Soup version 0.19.1 (webtiles) character file.

49 Firecrotchwizard the Firebug (level 3, -1/19 HPs)
             Began as a Deep Elf Fire Elementalist on Dec 15, 2016.
             Slain by a hound (4 damage)
             ... on level 2 of the Dungeon.
             The game lasted 00:05:09 (1539 turns).

Firecrotchwizard the Firebug (DEFE)                 Turns: 1539, Time: 00:05:10

Health: -1/19      AC:  3    Str:  6    XL:     3   Next: 51%
Magic:  1/10       EV: 13    Int: 19    God:
Gold:   31         SH:  0    Dex: 15    Spells: 2 memorised, 5 levels left

rFire  . . .     SeeInvis .     i - +0 dagger
rCold  + . .     Gourm    .     a - +0 robe
rNeg   + . .     Faith    .     (no shield)
rPois  .         Spirit   .     (no helmet)
rElec  .         Reflect  .     m - +0 cloak
rCorr  .         Harm     .     (no gloves)
MR     .....                    (no boots)
Stlth  ++........               (no amulet)
                                p - ring of positive energy
                                f - ring of protection from cold

@: very slightly contaminated
A: no striking features
a: no special abilities


You were on level 2 of the Dungeon.
You were not hungry.

You visited 1 branch of the dungeon, and saw 2 of its levels.

You collected 31 gold pieces.

Inventory:

Hand Weapons
 i - a +0 dagger (weapon)
 j - a +1 dagger of holy wrath
Armour
 a - a +0 robe (worn)
 m - a +0 cloak (worn)
Jewellery
 f - a ring of protection from cold (left hand)
 p - a ring of positive energy (right hand)
Scrolls
 d - a scroll of identify {unknown}
 g - a scroll of fog {unknown}
 h - a scroll of blinking {unknown}
Potions
 e - a potion of brilliance {unknown}
 k - a potion of ambrosia {unknown}
 n - a potion of lignification {unknown}
 o - a potion of curing {unknown}
Books
 b - a book of Flames

   Spells                             Type                      Level
   a - Flame Tongue                   Conjuration/Fire             1
   b - Throw Flame                    Conjuration/Fire             2
   c - Conjure Flame                  Conjuration/Fire             3
   d - Inner Flame                    Hexes/Fire                   3
   e - Sticky Flame                   Conjuration/Fire             4
   f - Fireball                       Conjuration/Fire             5
Comestibles
 c - 2 bread rations


   Skills:
 + Level 2.8 Dodging
 - Level 2.4 Stealth
 + Level 3.6 Spellcasting
 * Level 2.1 Conjurations
 * Level 4.0 Fire Magic


You had 5 spell levels left.
You knew the following spells:

 Your Spells              Type           Power        Failure   Level  Hunger
a - Flame Tongue          Conj/Fire      ###..        4%          1    None
b - Conjure Flame         Conj/Fire      ###.....     12%         3    ###....


Dungeon Overview and Level Annotations

Branches:
Dungeon (2/15)

Altars:


Message History

Casting: Flame Tongue
Confirm with . or Enter, or press ? or * to list all spells.
Aiming: Flame Tongue
Press: ? - help, Shift-Dir - straight line, f/p - hound
Aim: a hound The flame tongue hits the hound.
The hound is severely wounded.
The hound bites you. The hound barely misses you.
The hound bites you but does no damage. The hound barely misses you.
The hound misses you. The hound bites you.
* * * LOW HITPOINT WARNING * * *
There is an open door here.
The hound bites you.
* * * LOW HITPOINT WARNING * * *
The frilled lizard unfolds its giant frill.
The hound bites you.
* * * LOW HITPOINT WARNING * * *
The hound bites you.
You die...

#........#...#.. #.#.
#........#.#.#. #.#.
#........#.#.. #.#.
#####l####.#.# # ###...
####.####.#.#.# #.....
#.....#.....#†# #.....
#.†...#.#.....# #....#
#.....h.#...### #....#
#....#@.#...# #....#
######......######....#
##...#...........#
#..##...........#
###............####
#...###......<.#
#....##.########
#....##.# #....##.#


You could see a hound and a frilled lizard.

Vanquished Creatures
  2 adders (D:2)
  A worm (D:2)
  A ball python (D:2)
  3 giant cockroaches
  3 goblins (D:1)
  5 hobgoblins
  3 bats
  4 frilled lizards (D:1)
  4 kobolds (D:1)
  4 rats (D:1)
30 creatures vanquished.

Notes
Turn   | Place    | Note
-------+----------+-------------------------------------------
     0 | D:1      | Firecrotchwizard the Deep Elf Fire Elementalist began the quest for the Orb.
     0 | D:1      | Reached XP level 1. HP: 10/10 MP: 6/6
   219 | D:1      | Reached XP level 2. HP: 5/15 MP: 0/8
  1357 | D:2      | Reached skill level 4 in Fire Magic
  1357 | D:2      | Reached XP level 3. HP: 19/19 MP: 6/9
  1405 | D:2      | Learned a level 3 spell: Conjure Flame
  1539 | D:2      | Slain by a hound

Skill      XL: |  1  2 |
---------------+-------+-----
Conjurations   | 2 |  2.1
Fire Magic     | 4 |  4.0
Dodging        | |  2.8
Stealth        | |  2.4
Spellcasting   | |  3.6

Action                   || total
-------------------------++-------
Melee: Unarmed           ||     3
       Dagger            ||     4
 Cast: Flame Tongue      ||    67
  Eat: Chunk             ||     2
Armor: Robe              ||    14
Dodge: Dodged            ||    24
